 Dungeon Crawl Stone Soup version 0.28.0-53-g5a82cb258f (webtiles) character file.

Game seed: 14626882715835743944

371 Zeld the Skirmisher (level 6, 0/53 HPs)
             Began as a Draconian Transmuter on June 3, 2022.
             Succumbed to a water moccasin's poison
             ... in a sewer.
             The game lasted 00:03:16 (2345 turns).

Zeld the Skirmisher (Draconian Transmuter)          Turns: 2345, Time: 00:03:17

Health: 0/53       AC:  2    Str: 14    XL:     6   Next: 42%
Magic:  8/10       EV: 19    Int: 13    God:
Gold:   72         SH:  0    Dex: 17    Spells: 3/11 levels left

rFire   . . .      SeeInvis .     - Unarmed
rCold   . . .      Faith    .   (shield currently unavailable)
rNeg    . . .      Spirit   .   (armour unavailable)
rPois   x          Reflect  .   (helmet currently unavailable)
rElec   .          Harm     .   (cloak currently unavailable)
rCorr   +          Rampage  .   (gloves currently unavailable)
Will    +....                   (boots currently unavailable)
Stlth   +.........              (no amulet)
HPRegen 0.17/turn               c - ring of resist corrosion
MPRegen 0.12/turn               g - ring of willpower

@: lethally poisoned (0 -> -12), spider-form (expiring), very slow
A: venomous fangs, AC +6, tiny, unfitting armour, (cold-blooded), (stinger 1),
deterioration 1
a: End Transformation


You were in a sewer.
You were a venomous arachnid creature.
You visited 1 branch of the dungeon, and saw 5 of its levels.
You also visited: Sewer.

You collected 72 gold pieces.

Inventory:

Armour
 d - a +0 cloak (melded)
Jewellery
 c - a ring of resist corrosion (left front leg)
 g - a ring of willpower (right front leg)
 i - a ring of flight
Scrolls
 a - a scroll of blinking {unknown}
 b - a scroll of teleportation {unknown}
 e - 2 scrolls of noise {unknown}
 f - a scroll of silence {unknown}
 j - a scroll of amnesia {unknown}
 k - 2 scrolls of enchant weapon {unknown}


   Skills:
 * Level 4.4 Fighting
 - Level 1.7 Dodging
 - Level 3.0 Unarmed Combat
 + Level 3.2 Spellcasting
 + Level 3.4 Transmutations
 - Level 2.0 Ice Magic
 - Level 2.0 Poison Magic


You had 3 spell levels left.
You knew the following spells:

 Your Spells              Type           Power      Damage    Failure   Level
a - Beastly Appendage     Tmut           22%        N/A       16%         1
b - Wereblood             Tmut           11%        N/A       22%         2
c - Spider Form           Tmut/Pois      9%         N/A       43%         3
s - Passwall              Tmut/Erth      5%         N/A       36%         2

Your spell library contained the following spells:

 Spells                   Type           Power      Damage    Failure   Level
 Ensorcelled Hibernation  Hex/Ice        8%         N/A       43%         2
 Blink                    Tloc           4%         N/A       56%         2
 Lesser Beckoning         Tloc           2%         N/A       77%         3
 Swiftness                Air            2%         N/A       77%         3
 Ice Form                 Ice/Tmut       9%         N/A       78%         4
 Manifold Assault         Tloc           2%         N/A       100%        5


Dungeon Overview and Level Annotations

Branches:
Dungeon (5/15)              Sewer (1/1)
 Temple: D:4-7

Altars:
Cheibriados
Okawaru


Innate Abilities, Weirdness & Mutations

You are a venomous arachnid creature.
You have poisonous fangs.
You are tiny and dextrous.
Your spellcasting is less reliable in this form.
Your armour is entirely melded.
You are incapable of wielding weapons or throwing items.
((Your plain brown scales are hard. (AC +6)))
You cannot fit into any form of body armour.
((You are cold-blooded and may be slowed by cold attacks.))
((Your tail ends in a venomous barb.))
Your body sometimes deteriorates upon taking damage.


Message History

You barely miss the water moccasin.
The water moccasin is severely wounded.
You feel extremely sick.
The water moccasin completely misses you.
The water moccasin closely misses you.
Unknown command.
Unknown command.
Unknown command.
You hit the water moccasin but do no damage.
The water moccasin is severely wounded.
Your transformation is almost over.
* * * LOW HITPOINT WARNING * * *
You feel extremely sick. The water moccasin misses you.
Unknown command.
Unknown command.
It was a potion of mutation.
You feel extremely strange.
You feel weaker.
* * * LOW HITPOINT WARNING * * *
You feel very sick. The water moccasin barely misses you.
Really quaff the potion of mutation?
You feel extremely strange.
You feel stronger.
You feel yourself wasting away.
A venomous barb forms on the end of your tail.
* * * LOW HITPOINT WARNING * * *
You feel very sick. The water moccasin closely misses you.
The water moccasin completely misses you.
You hit the water moccasin.
The water moccasin is almost dead.
* * * LOW HITPOINT WARNING * * *
You feel very sick. The water moccasin barely misses you.
Unknown command.
You aren't carrying any potions.
Unknown command.
You enter the shallow water.
Moving in this stuff is going to be slow.
You die...

#...#...#
#..###.≈##
#.≈≈ #≈..#
#..# ##≈.#
#.≈ #≈.#
#. #..#
##≈.#
#...#
##s.##
#...#
#...≈S##
#...≈≈#
##≈.≈##
#... ≈#≈#
?$#. ## ##


You could see a water moccasin.

Vanquished Creatures
  A necrophage (D:3)
  A scorpion (D:4)
  A water moccasin skeleton (D:2)
  A hound (D:4)
  An orc priest (D:4)
  An orc wizard (D:4)
  A hound skeleton (D:4)
  3 gnolls (D:4)
  An ufetubus (D:4)
  A worm (D:2)
  8 orcs
  3 endoplasms
  2 giant cockroaches
  A hobgoblin (D:1)
  A jackal (Sewer)
  4 quokkas
  3 ball pythons
  4 bats
  2 frilled lizards (D:1)
  3 kobolds
  3 rats
46 creatures vanquished.

Notes
Turn   | Place    | Note
-------+----------+-------------------------------------------
     0 | D:1      | Zeld the Draconian Transmuter began the quest for the Orb.
     0 | D:1      | Reached XP level 1. HP: 16/16 MP: 3/3
     5 | D:1      | Found a faded altar of an unknown god.
   438 | D:1      | Reached XP level 2. HP: 23/23 MP: 5/5
   450 | D:1      | Learned a level 2 spell: Wereblood
   678 | D:2      | Reached skill level 2 in Fighting
   678 | D:2      | Reached skill level 1 in Ice Magic
   678 | D:2      | Reached skill level 1 in Poison Magic
   678 | D:2      | Reached XP level 3. HP: 17/29 MP: 4/6
   685 | D:2      | Learned a level 2 spell: Passwall
  1075 | D:3      | Reached XP level 4. HP: 35/36 MP: 5/7
  1164 | D:3      | Found an iron altar of Okawaru.
  1331 | D:4      | Noticed a necrophage
  1362 | D:3      | Killed a necrophage
  1363 | D:3      | Reached skill level 3 in Fighting
  1363 | D:3      | Reached XP level 5. HP: 12/45 MP: 7/9
  1367 | D:3      | Learned a level 3 spell: Spider Form
  1778 | D:4      | Reached XP level 6. HP: 28/52 MP: 3/10
  1935 | D:4      | Reached skill level 4 in Fighting
  2183 | D:5      | Entered Level 5 of the Dungeon
  2188 | D:5      | Found a snail-covered altar of Cheibriados.
  2193 | D:5      | Found a glowing drain.
  2202 | Sewer    | Entered a sewer
  2331 | Sewer    | Noticed a water moccasin
  2342 | Sewer    | Gained mutation: You are weak. (Str -2) [potion of
                  | mutation]
  2343 | Sewer    | Lost mutation: You are weak. (Str -2) [potion of mutation]
  2343 | Sewer    | Gained mutation: Your body sometimes deteriorates upon
                  | taking damage. [potion of mutation]
  2343 | Sewer    | Gained mutation: Your tail ends in a venomous barb. [potion
                  | of mutation]
  2345 | Sewer    | Succumbed to a water moccasin's poison

Illustrated notes

Levels and vault maps discovered:
D:1:      minmay_arrival_three_doors, layout_loops_cross,
          shapermc_ecumenical_altar_starsandcircs
D:2:      layout_basic, serial_shops, shop, serial_bayou_pond_b,
          minmay_quadrilaterals
D:3:      layout_basic, okawaru_ov_weapons_minmay, serial_rivers,
          chequers_serial_rivers_micro_d, chequers_serial_rivers_micro_a,
          chequers_serial_rivers_small_3, chequers_serial_rivers_micro_a,
          chequers_serial_rivers_large_a, chequers_serial_rivers_micro_d
D:4:      layout_rooms, serial_rivers, chequers_serial_rivers_room_a,
          chequers_serial_rivers_marsh, chequers_serial_rivers_micro_a,
          chequers_serial_rivers_micro_b, chequers_serial_rivers_small_3
D:5:      layout_basic, kennysheep_slug_shrine,
          lightli_ossuary_entry_decrepit_ruins, cheibrodos_sewer_entry_drain,
          serial_shops, nicolae_diamond_shop
Sewer:    sewer_the_moccasin

Skill      XL: |  1  2  3  4  5  6 |
---------------+-------------------+-----
Fighting       | 2 3 4 |  4.4
Ice Magic      | 1 2 |  2.0
Poison Magic   | 1 2 |  2.0
Spellcasting   | 3 |  3.2
Transmutations | 3 |  3.4
Dodging        | |  1.7
Unarmed Combat | |  3.0

Action                   |  1- 3 |  4- 6 || total
-------------------------+-------+-------++-------
Melee: Unarmed           |    48 |   109 ||   157
       Tailslap          |     6 |     6 ||    12
       Kick              |     7 |     6 ||    13
       Headbutt          |     7 |     6 ||    13
       Punch             |       |     1 ||     1
 Cast: Beastly Appendage |    17 |     9 ||    26
       Spider Form       |       |    10 ||    10
  Use: Potion            |       |     2 ||     2
 Stab: Sleeping          |       |     2 ||     2
Armor: Skin              |    13 |    20 ||    33
Dodge: Dodged            |    40 |   103 ||   143
